 Dungeon Crawl Stone Soup version 0.30.1-11-g7821555f0a (webtiles) character file.

Game seed: 11530946526083437498

37160 lonewolfV2 the Severer (level 13, -1/153 HPs)
             Began as a Minotaur Fighter on Nov 13, 2023.
             Was the Champion of Jiyva.
             Collided with a rock wall (21 damage)
             ... caused by a wretched star
             ... on level 3 of the Abyss.
             The game lasted 00:23:58 (11384 turns).

lonewolfV2 the Severer (Minotaur Fighter)          Turns: 11384, Time: 00:23:59

Health: -1/153     AC: 18    Str: 27    XL:     13   Next: 56%
Magic:  12/12      EV: 12    Int: 11    God:    Jiyva [******]
Gold:   788        SH: 12    Dex: 15    Spells: 12/12 levels left

rFire   . . .        a - +1 war axe (vamp)
rCold   . . .        c - +0 buckler
rNeg    . . .        t - +0 plate armour
rPois   .            (helmet restricted)
rElec   .            o - +0 cloak
rCorr   +            e - +0 pair of gloves
SInv    +            k - +2 pair of boots
Will    .....        n - amulet of reflection Stlth
                     f - +6 ring of strength
HPRegen 1.60/turn    p - +6 ring of intelligence
MPRegen 0.63/turn

%: reflection
@: inhibited regen, studying Transmutations
A: horns 2, retaliatory headbutt, talons 2, mutation resistance 1, robust 2,
wild magic 1, eyeballs 3, pseudopods 2, translucent skin 2, jelly absorbing
missiles, [inhibited regeneration], ([teleportitis 2]), [no potion heal 2]
a: Renounce Religion, Oozemancy, Slimify


You were on level 3 of the Abyss.
You worshipped Jiyva.
Jiyva was exalted by your worship.
You visited 2 branches of the dungeon, and saw 16 of its levels.
You visited the Abyss 2 times.

You collected 788 gold pieces.

Inventory:

Hand Weapons
 a - a +1 vampiric war axe (weapon)
Missiles
 y - 2 throwing nets (quivered)
Armour
 b - a +0 scale mail
 c - a +0 buckler (worn)
 e - a +0 pair of gloves (worn)
 k - a +2 pair of boots (worn)
 o - a +0 cloak (worn)
 t - a +0 plate armour (worn)
Jewellery
 f - a +6 ring of strength (left hand)
 n - an amulet of reflection (around neck)
 p - a +6 ring of intelligence (right hand)
Wands
 m - a wand of flame (19)
 q - a wand of paralysis (4)
Scrolls
 r - 3 scrolls of teleportation
 s - a scroll of brand weapon
Potions
 d - 2 potions of might
 g - 5 potions of heal wounds
 h - 2 potions of curing
 i - 3 potions of flight
 j - 2 potions of brilliance
 l - 5 potions of lignification
 u - a potion of invisibility
 v - a potion of ambrosia {unknown}
 w - a potion of berserk rage
 z - a potion of mutation {unknown}
 A - a potion of haste {unknown}
 B - a potion of degeneration {unknown}
 C - a potion of resistance
Miscellaneous
 x - a lightning rod (4/4)


   Skills:
 * Level 15.7 Fighting
 - Level 17.0 Axes
 - Level 14.4 Armour
 - Level 10.2 Dodging
 - Level 10.4 Shields


You had 12 spell levels left.
You didn't know any spells.
Your spell library contained the following spells:

 Spells                   Type           Power      Damage    Failure   Level
 Beastly Appendage        Tmut           0%         N/A       97%         1
 Sandblast                Erth           0%         2d4       97%         1
 Blink                    Tloc           0%         N/A       99%         2
 Lesser Beckoning         Tloc           0%         N/A       99%         2
 Momentum Strike          Conj/Tloc      0%         3d8       99%         2
 Passwall                 Tmut/Erth      0%         N/A       99%         2
 Scorch                   Fire           0%         2d5       99%         2
 Wereblood                Tmut           0%         N/A       99%         2
 Dazzling Flash           Conj/Hex       0%         N/A       100%        3
 Gell's Gravitas          Tloc           0%         N/A       100%        3
 Portal Projectile        Hex/Tloc       0%         N/A       100%        3
 Spider Form              Tmut/Pois      0%         N/A       100%        3
 Stone Arrow              Conj/Erth      0%         3d7       100%        3
 Teleport Other           Tloc           0%         N/A       100%        3
 Tukima's Dance           Hex            0%         N/A       100%        3
 Flame Wave               Conj/Fire      0%         2d4       100%        4
 Agony                    Necr           0%         N/A       100%        5
 Blade Hands              Tmut           0%         N/A       100%        5
 Silence                  Hex/Air        0%         N/A       100%        5
 Summon Cactus Giant      Summ           0%         N/A       100%        6


Dungeon Overview and Level Annotations

Branches:
Dungeon (14/15)            Temple (0/1) D:5            Lair (0/5) D:11
    Orc (2/2) D:12         Vaults (0/5) D:13
    Elf: Orc:2

Altars:
Cheibriados
Dithmenos
Fedhas
Hepliaklqana
Nemelex Xobeh
Okawaru
Qazlal
Trog
Jiyva

Shops:
D:4 *   D:14 ((

Portals:
Sewer: D:3

Annotations:
Orc:1 2 transporters, mUm121's ghost, journeyman MiFi


Innate Abilities, Weirdness & Mutations

You have a pair of horns on your head.
You reflexively headbutt those who attack you in melee.
You have razor-sharp toenails.
You are somewhat resistant to further mutation.
You are very robust. (+20% HP)
Your spells are a little harder to cast, but a little more powerful.
Your body is covered in eyes which may confuse attackers. (Acc +7, SInv)
Armour fits poorly on your large pseudopods.
Your translucent skin reduces your foes' accuracy. (Stealth+)
You have a small jelly attached to you that may absorb projectiles.
[You do not regenerate when monsters are visible.]
[((You are often teleported next to monsters.))]
[Potions cannot restore your health.]


Message History

A wretched star is nearby!
The wretched star pulses with an eldritch light!
Your regeneration stops near monsters.
You completely miss the wretched star.
The wretched star pulses with an eldritch light!
You slash the wretched star! You bludgeon the wretched star.
The wretched star is moderately damaged.
You slash the wretched star! Your bludgeon misses the wretched star.
The wretched star is heavily damaged.
You slash the wretched star!
The wretched star is heavily damaged.
The wretched star glows turbulently.
The lance of force hits you!
You are knocked back by the lance of force.
The wretched star pulses with an eldritch light!
You feel weirdly uncertain.
You feel even more weirdly uncertain.
The wretched star glows turbulently.
The lance of force misses you.
The wretched star glows turbulently.
The lance of force misses you.
You hit the wretched star but do no damage.
The wretched star is heavily damaged.
The wretched star glows turbulently.
The lance of force hits you!
You are knocked back by the lance of force.
You slam into the rock wall!
* * * LOW HITPOINT WARNING * * *
The wretched star pulses with an eldritch light!
Your system partially rejects the healing effects of potions.
Your system completely rejects the healing effects of potions.
The wretched star glows turbulently.
You block lance of force... and reflect it back!
The lance of force hits the wretched star.
The wretched star is knocked back by the lance of force.
The wretched star glows turbulently.
The lance of force hits you!
* * * LOW HITPOINT WARNING * * *
You are knocked back by the lance of force.
You slam into the rock wall!
You die...

##....#.. . #
#.#...# .#†....#
.# #....#.*# # #
# ######..#.# #
#...#.#.)#.##
.#.# ##
##.............
#..##.....###...#
##.#....@........
# #...######_.#.
..#..#. ##. .
..#..# # ..####
#. ... . .... .
.. _#


You could see a wretched star.

Vanquished Creatures
  2 tentacled starspawn (Abyss:3)
  3 vault guards (D:13)
  A hydra (D:14)
  A boulder beetle (D:14)
  Erica (D:8)
  2 two-headed ogres
  A centaur warrior (D:11)
  A thrashing horror (Abyss:2)
  A sixfirhy (Abyss:3)
  4 large abominations (Abyss:2)
  A necromancer (D:13)
  3 wizards (D:13)
  Pikel (D:7)
  A worldbinder (Abyss:2)
  An ugly thing (D:13)
  4 manticores
  4 cyclopes
  A gargoyle (D:13)
  An apocalypse crab (Abyss:2)
  A tormentor (Abyss:2)
  A komodo dragon (D:11)
  2 tengu conjurers (D:14)
  Psyche (D:8)
  An efreet (D:13)
  An ancient zyme (Abyss:2)
  7 trolls
  A hornet (D:7)
  5 raiju
  4 shadows
  A ynoxinul (Abyss:2)
  Sigmund (D:6)
  15 yaks
  A vampire (D:10)
  5 wraiths
  2 steam dragons
  17 humans (D:13)
  3 neqoxecs (Abyss:2)
  4 vampire mosquitoes
  A chaos spawn (Abyss:2)
  A warg (Orc:1)
  Edmund (D:6)
  3 water moccasins
  Duvessa (D:7)
  An ice beast (D:5)
  3 sky beasts (D:7)
  10 orc warriors
  3 small abominations (Abyss:2)
  10 centaurs
  5 ogres
  7 starcursed masses (Abyss:2)
  3 lemures (D:7)
  2 phantoms
  A kobold brigand (D:7)
  4 bullfrogs
  3 scorpions
  A jelly (D:5)
  7 wights
  Dowan (D:7)
  13 killer bees
  A howler monkey (D:12)
  A lava snake (D:9)
  5 hounds
  9 orc priests
  Jessica (D:1)
  4 iguanas
  17 orc wizards
  2 sleepcaps
  11 gnolls
  4 adders
  A shadow imp (D:6)
  An ufetubus (D:7)
  2 dart slugs (D:3)
  57 orcs
  10 ball pythons
  2 bats
  11 giant cockroaches
  3 goblins
  5 hobgoblins
  7 kobolds
  A quokka (D:1)
  3 frilled lizards (D:2)
  3 rats
  2 lurking horrors
  2 starspawn tentacles (Abyss:3)
353 creatures vanquished.

Vanquished Creatures (collateral kills)
  Erolcha (D:9)
  A worldbinder (Abyss:2)
  2 raiju (Abyss:3)
4 creatures vanquished.

Vanquished Creatures (others)
  A centaur warrior (D:14)
  A glowing orange brain (Abyss:2)
  A deep elf pyromancer (D:13)
  A wizard (Abyss:3)
  A slime creature (D:13)
  2 shadows (D:12)
  A human (D:13)
  A small abomination (Abyss:2)
  2 scorpions
  2 howler monkeys
  44 jellies
  6 orc priests
  A sleepcap (D:4)
  A gnoll bouda (D:7)
  An orc wizard (D:12)
  A river rat (D:3)
  A shadow imp (D:7)
  A white imp (D:7)
  An ufetubus (D:5)
  A dart slug (D:3)
  14 orcs
  A giant cockroach (D:4)
  2 goblins (D:4)
  2 hobgoblins
  5 ball pythons
  3 bats
  2 kobolds
  5 rats (D:3)
  2 starspawn tentacles (Abyss:3)
107 creatures vanquished.

Grand Total: 464 creatures vanquished

Notes
Turn   | Place    | Note
-------+----------+-------------------------------------------
     0 | D:1      | lonewolfV2 the Minotaur Fighter began the quest for the
                  | Orb.
     0 | D:1      | Reached XP level 1. HP: 19/19 MP: 0/0
   401 | D:1      | Found a faded altar of an unknown god.
   411 | D:1      | Prayed at the altar of an unknown god.
   411 | D:1      | Became a worshipper of Jiyva Jobluthr the Shapeless
   411 | D:1      | Reached * piety under Jiyva
   572 | D:2      | Noticed Jessica
   583 | D:1      | Killed Jessica
   584 | D:1      | Reached skill level 5 in Fighting
   584 | D:1      | Reached XP level 2. HP: 29/29 MP: 1/1
   584 | D:1      | Reached XP level 3. HP: 36/36 MP: 2/2
   940 | D:2      | Found an iron altar of Okawaru.
  1033 | D:2      | Reached XP level 4. HP: 44/44 MP: 3/3
  1311 | D:2      | Reached ** piety under Jiyva
  1750 | D:3      | Reached XP level 5. HP: 52/52 MP: 4/4
  1867 | D:3      | Found a glowing drain.
  1986 | D:4      | Reached *** piety under Jiyva
  2067 | D:4      | Gained mutation: You have sharp toenails. [Jiyva's grace]
  2067 | D:4      | Gained mutation: You have razor-sharp toenails. [Jiyva's
                  | grace]
  2067 | D:4      | Gained mutation: You have claws for feet. [Jiyva's grace]
  2067 | D:4      | Gained mutation: You have a pair of large horns on your
                  | head. [Jiyva's grace]
  2119 | D:4      | Noticed a phantom
  2124 | D:4      | Killed a phantom
  2125 | D:4      | Reached XP level 6. HP: 62/62 MP: 5/5
  2260 | D:4      | Found Votib's Assorted Antiques.
  2306 | D:4      | Found a stormy altar of Qazlal.
  2458 | D:5      | Entered Level 5 of the Dungeon
  2466 | D:5      | Reached **** piety under Jiyva
  2484 | D:5      | Reached XP level 7. HP: 64/71 MP: 6/6
  2504 | D:5      | Reached skill level 10 in Fighting
  2520 | D:5      | Found a staircase to the Ecumenical Temple.
  2790 | D:5      | Was placed under penance by Jiyva
  3345 | D:6      | Was forgiven by Jiyva
  3433 | D:6      | Reached skill level 5 in Dodging
  3438 | D:6      | Reached XP level 8. HP: 79/79 MP: 7/7
  3598 | D:6      | Found a blossoming altar of Fedhas.
  3668 | D:6      | You fall into a shaft and drop 2 floors!
  3757 | D:7      | Lost mutation: You have claws for feet. [Jiyva's grace]
  3757 | D:7      | Gained mutation: Armour fits poorly on your pseudopods.
                  | [Jiyva's grace]
  3757 | D:7      | Gained mutation: Armour fits poorly on your large
                  | pseudopods. [Jiyva's grace]
  3757 | D:7      | Gained mutation: Armour fits poorly on your massive
                  | pseudopods. [Jiyva's grace]
  3757 | D:7      | Gained mutation: You are partially covered in iridescent
                  | scales. (AC +2) [Jiyva's grace]
  3870 | D:6      | Reached ***** piety under Jiyva
  3892 | D:6      | Noticed Edmund
  3904 | D:6      | Killed Edmund
  3952 | D:6      | Noticed Sigmund
  3966 | D:6      | Killed Sigmund
  4014 | D:6      | Reached XP level 9. HP: 85/85 MP: 8/8
  4567 | D:6      | Identified a scroll of acquirement
  4567 | D:6      | Acquired a manual of Axes
  4647 | D:7      | Reached skill level 3 in Axes
  4661 | D:7      | Reached skill level 10 in Dodging
  4664 | D:7      | Reached skill level 4 in Axes
  4699 | D:7      | Noticed Pikel
  4718 | D:7      | Killed Pikel
  4719 | D:7      | Reached skill level 5 in Axes
  4719 | D:7      | Reached skill level 5 in Armour
  4738 | D:7      | Noticed Dowan
  4744 | D:7      | Noticed Duvessa
  4746 | D:7      | Reached skill level 6 in Axes
  4747 | D:7      | Killed Dowan
  4758 | D:7      | Killed Duvessa
  4934 | D:7      | Reached skill level 7 in Axes
  5044 | D:7      | Reached skill level 8 in Axes
  5066 | D:7      | Noticed a troll
  5071 | D:7      | Killed a troll
  5095 | D:7      | Reached XP level 10. HP: 93/93 MP: 9/9
  5519 | D:8      | Reached skill level 9 in Axes
  5623 | D:8      | Noticed Psyche
  5626 | D:8      | Paralysed by Psyche for 5 turns
  5634 | D:8      | Paralysed by Psyche for 3 turns
  5648 | D:8      | Killed Psyche
  5720 | D:8      | Reached ****** piety under Jiyva
  5966 | D:8      | Noticed Erica
  5982 | D:8      | Killed Erica
  5983 | D:8      | Reached skill level 10 in Axes
  5983 | D:8      | Reached skill level 10 in Armour
  6196 | D:8      | Found a hazy altar of Hepliaklqana.
  6255 | D:8      | Lost mutation: You have a pair of large horns on your head.
                  | [Jiyva's grace]
  6255 | D:8      | Lost mutation: You have razor-sharp toenails. [Jiyva's
                  | grace]
  6255 | D:8      | Lost mutation: You are partially covered in iridescent
                  | scales. (AC +2) [Jiyva's grace]
  6255 | D:8      | Lost mutation: Armour fits poorly on your massive
                  | pseudopods. [Jiyva's grace]
  6255 | D:8      | Gained mutation: Your translucent skin slightly reduces
                  | your foes' accuracy. (Stealth+) [Jiyva's grace]
  6255 | D:8      | Gained mutation: Your translucent skin reduces your foes'
                  | accuracy. (Stealth+) [Jiyva's grace]
  6255 | D:8      | Gained mutation: Your transparent skin significantly
                  | reduces your foes' accuracy. (Stealth+) [Jiyva's grace]
  6255 | D:8      | Gained mutation: Armour fits poorly on your massive
                  | pseudopods. [Jiyva's grace]
  6551 | D:9      | Noticed Erolcha
  6559 | D:9      | Killed Erolcha
  6560 | D:9      | Reached skill level 11 in Axes
  7151 | D:9      | Found a snail-covered altar of Cheibriados.
  7222 | D:9      | Noticed a two-headed ogre
  7226 | D:9      | Slimified a two-headed ogre
  7226 | D:9      | a two-headed ogre changed into a slime creature
  7519 | D:10     | Entered Level 10 of the Dungeon
  7566 | D:10     | Reached skill level 12 in Axes
  7638 | D:10     | Found a bloodstained altar of Trog.
  7651 | D:10     | Lost mutation: You have sharp toenails. [Jiyva's grace]
  7651 | D:10     | Lost mutation: Armour fits poorly on your massive
                  | pseudopods. [Jiyva's grace]
  7651 | D:10     | Lost mutation: Your transparent skin significantly reduces
                  | your foes' accuracy. (Stealth+) [Jiyva's grace]
  7651 | D:10     | Gained mutation: You have sharp toenails. [Jiyva's grace]
  7651 | D:10     | Gained mutation: You have razor-sharp toenails. [Jiyva's
                  | grace]
  7651 | D:10     | Gained mutation: You have claws for feet. [Jiyva's grace]
  7651 | D:10     | Gained mutation: Your body has grown eyes which may confuse
                  | attackers. (Acc +3) [Jiyva's grace]
  7748 | D:10     | Reached XP level 11. HP: 99/99 MP: 10/10
  7830 | D:10     | Found a shadowy altar of Dithmenos.
  7974 | D:11     | Noticed a centaur warrior
  7982 | D:11     | Killed a centaur warrior
  7985 | D:11     | Reached skill level 13 in Axes
  8033 | D:11     | Noticed Josephine
  8045 | D:11     | Slimified Josephine
  8045 | D:11     | Josephine changed into Josephine the slime creature
  8045 | D:11     | Noticed Josephine
  8103 | D:11     | Reached skill level 14 in Axes
  8133 | D:11     | Noticed a two-headed ogre
  8141 | D:11     | Killed a two-headed ogre
  8234 | D:11     | Found a staircase to the Lair.
  8480 | D:12     | Reached skill level 15 in Axes
  8480 | D:12     | Reached skill level 5 in Shields
  8555 | D:12     | Found a sparkling altar of Nemelex Xobeh.
  8562 | D:12     | Identified the +0 leather armour "Nonel" {Contam rPois
                  | Dex+2}
  8579 | D:12     | Lost mutation: You have claws for feet. [Jiyva's grace]
  8579 | D:12     | Gained mutation: You are robust. (+10% HP) [Jiyva's grace]
  8579 | D:12     | Gained mutation: You are very robust. (+20% HP) [Jiyva's
                  | grace]
  8579 | D:12     | Gained mutation: You are extremely robust. (+30% HP)
                  | [Jiyva's grace]
  8579 | D:12     | Gained mutation: You are somewhat resistant to further
                  | mutation. [Jiyva's grace]
  8935 | D:12     | Reached XP level 12. HP: 69/137 MP: 11/11
  8976 | D:12     | Found a staircase to the Orcish Mines.
  9473 | Orc:1    | Entered Level 1 of the Orcish Mines
  9606 | Orc:1    | Found a transporter.
  9607 | Orc:1    | Noticed mUm121's ghost (journeyman MiFi)
  9607 | Orc:1    | Noticed a two-headed ogre
  9607 | Orc:1    | Identified the +8 great mace "Koellohi" {antimagic, rF- rC+
                  | rCorr}
  9607 | Orc:1    | Identified the +1 great mace of Recklessness {elec, Will+
                  | Str+3}
  9607 | Orc:1    | Noticed an ettin
  9607 | Orc:1    | Noticed a two-headed ogre
  9610 | Orc:1    | Noticed a two-headed ogre
  9611 | Orc:1    | Noticed a two-headed ogre
  9614 | Orc:1    | Found a transporter.
  9791 | Orc:2    | Entered Level 2 of the Orcish Mines
  9791 | Orc:2    | Noticed an orc high priest
  9791 | Orc:2    | Noticed an orc high priest
  9793 | Orc:2    | Noticed an orc warlord
  9900 | D:13     | Reached skill level 16 in Axes
 10013 | D:13     | Noticed a vault guard
 10031 | D:13     | Killed a vault guard
 10043 | D:13     | Noticed a vault guard
 10068 | D:13     | Killed a vault guard
 10122 | Abyss:2  | Cast into level 2 of the Abyss (a wizard)
 10166 | Abyss:2  | Reached skill level 17 in Axes
 10166 | Abyss:2  | Reached skill level 10 in Shields
 10209 | Abyss:2  | Found an opulent altar of Gozag.
 10228 | Abyss:2  | Noticed a starcursed mass
 10247 | Abyss:2  | Paralysed by accursed screaming for 1 turns
 10263 | Abyss:2  | Lost mutation: You are extremely robust. (+30% HP) [a
                  | neqoxec]
 10464 | Abyss:2  | Noticed a purple very ugly thing
 10465 | Abyss:2  | Noticed an ironbound thunderhulk
 10465 | Abyss:2  | Noticed an ironbound thunderhulk
 10465 | Abyss:2  | Noticed an ironbound thunderhulk
 10475 | Abyss:2  | Found a corrupted altar of Lugonu.
 10528 | Abyss:2  | Reached XP level 13. HP: 142/142 MP: 12/12
 10547 | D:13     | Escaped the Abyss
 10654 | D:13     | Found a gate to the Vaults.
 10673 | D:13     | Identified the +4 robe of Ewkeiman {rElec Regen+ Str-3
                  | Stlth+}
 10770 | D:13     | Identified the +0 morningstar of Plog {spect, Contam rC+
                  | Dex+3}
 10802 | D:13     | Gained mutation: You have a small jelly attached to you
                  | that may absorb projectiles. [Jiyva's grace]
 10802 | D:13     | Gained mutation: Your body has grown many eyes which may
                  | confuse attackers. (Acc +5) [Jiyva's grace]
 10802 | D:13     | Gained mutation: Your body is covered in eyes which may
                  | confuse attackers. (Acc +7, SInv) [Jiyva's grace]
 10802 | D:13     | Gained mutation: Your spells are a little harder to cast,
                  | but a little more powerful. [Jiyva's grace]
 11121 | D:14     | Found Tilen's Weapon Emporium.
 11213 | D:14     | Found Oqapoite's Weapon Shop.
 11292 | Abyss:3  | Found a corrupted altar of Lugonu.
 11292 | Abyss:3  | Cast into level 3 of the Abyss (a wizard)
 11303 | Abyss:3  | Found a corrupted altar of Lugonu.
 11311 | Abyss:3  | Noticed a tentacled starspawn
 11324 | Abyss:3  | Killed a tentacled starspawn
 11324 | Abyss:3  | Noticed a tentacled starspawn
 11325 | Abyss:3  | Reached skill level 15 in Fighting
 11338 | Abyss:3  | Killed a tentacled starspawn
 11375 | Abyss:3  | Found a corrupted altar of Lugonu.
 11384 | Abyss:3  | Collided with a rock wall

Illustrated notes

Levels and vault maps discovered:
D:1:      lightli_arrival_isolated_outpost, layout_loops_ring,
          ebering_ecumenical_altar_hall
D:2:      minmay_roachtagon, layout_loops_ring, basic_altar, uniq_jessica
D:3:      layout_basic, portal_sewer_entry_c
D:4:      layout_cave_pools, nicolae_qazlal_scattered_showers, serial_shops,
          shop, hangedman_decor_riveting
D:5:      layout_loops_ring, minmay_temple_entry_arrows, lemuel_flamethrower_2
D:6:      layout_basic, fedhas_bush_and_centaur_altar, grunt_ministairs_15,
          uniq_edmund, uniq_sigmund
D:7:      layout_layer_cave, minmay_manual_mail, uniq_pikel, uniq_duvessa
D:8:      layout_basic, worldfamousw_hep_ancestral_shrine,
          grunt_decor_one_mirror, grunt_ministairs_6, sigmund_army, uniq_psyche,
          uniq_erica
D:9:      layout_stronghold, lemuel_tele_altar, serial_rivers,
          chequers_serial_rivers_small_a, chequers_serial_rivers_small_a,
          chequers_serial_rivers_micro_c, chequers_serial_rivers_large_a,
          kennysheep_cross_room, uniq_erolcha
D:10:     layout_big_octagon, grunt_dithmenos_shadows, trog_three_pillars_becter
D:11:     layout_cave_pools, david_lair_shrubbed, uniq_josephine
D:12:     layout_basic, david_orc_4, nemelex_xobeh_ov_fountains_minmay
D:13:     layout_loops_cross, grunt_vaults_entry_tiered, amethyst_killhole
D:14:     layout_loops_ring, tso_altar, serial_shops, shop,
          nicolae_shop_hallway_plus, shop
Orc:1:    layout_caves, gammafunk_ghost_smash
Orc:2:    grunt_orc_gardens, layout_diamond_mine, grunt_orc_garden,
          grunt_orc_garden, grunt_orc_garden, grunt_orc_garden, serial_shops,
          shop, uniq_sonja, uniq_donald
Abyss:3:  base:
Lair:4

Skill      XL: |  1  2  3  4  5  6  7  8  9 10 11 12 13 |
---------------+----------------------------------------+-----
Fighting       | 5 7 8 9 10 12 15 | 15.7
Dodging        | 5 9 10 | 10.2
Axes           | 8 12 15 17 | 17.0
Armour         | 8 12 14 | 14.4
Shields        | 6 10 | 10.4

Action                     |  1- 3 |  4- 6 |  7- 9 | 10-12 | 13-15 || total
---------------------------+-------+-------+-------+-------+-------++-------
  Melee: War axe           |    35 |   107 |   183 |   456 |   124 ||   905
         Headbutt          |     5 |     7 |    45 |    96 |    33 ||   186
         Kick              |       |     6 |    70 |   171 |    17 ||   264
         Pseudopods        |       |       |    21 |   114 |    32 ||   167
         Unarmed           |       |       |       |    39 |       ||    39
 Invoke: Slimify           |       |       |       |     4 |       ||     4
  Evoke: Lightning rod     |       |       |       |     4 |       ||     4
    Use: Scroll            |     3 |     4 |     4 |     7 |       ||    18
         Potion            |       |       |       |     4 |       ||     4
   Stab: Confused          |       |       |       |     6 |     7 ||    13
         Distracted        |       |       |       |       |     1 ||     1
 Armour: Scale mail        |    17 |    67 |    59 |    79 |     4 ||   226
         Skin              |       |       |       |    11 |       ||    11
         Plate armour      |       |       |       |       |    27 ||    27
  Dodge: Dodged            |    23 |    66 |   109 |   350 |    50 ||   598
  Block: Buckler           |    14 |    29 |    79 |   244 |    53 ||   419
         Reflection        |       |       |     1 |    23 |     1 ||    25
         Other             |       |       |       |     7 |       ||     7
